[ AOE2 MATCH · #477727077 ]
UnrankedHuns vs Koreans
[ REPLAY ANALYSIS · EXTRACTED FROM THE RECORDED GAME ]
Feudal
10:39
Castle
18:23
Imperial
35:26
| APM avg | 27.2 |
| APM peak | 76 |
| eAPM avg | 15.6 |
| Villagers / military | 136 / 614 |
Focus
⚔️ 37.6% · 🌾 62.4%
Cavalry Archer ×280 · Skirmisher ×278 · Trade Cart ×72 · Spearman ×56
Feudal
12:16
Castle
16:48
Imperial
31:08
| APM avg | 24.2 |
| APM peak | 56 |
| eAPM avg | 14.2 |
| Villagers / military | 141 / 204 |
Focus
⚔️ 18.8% · 🌾 81.2%
War Wagon ×125 · Fire Lancer ×60 · Iron Pagoda ×16 · Trade Cart ×12 · Trebuchet (Packed) ×3
Feudal
13:38
Castle
20:59
Imperial
40:01
| APM avg | 20.7 |
| APM peak | 66 |
| eAPM avg | 11.7 |
| Villagers / military | 87 / 196 |
Focus
⚔️ 27.4% · 🌾 72.6%
Knight ×70 · Steppe Lancer ×56 · Mangudai ×51 · Trade Cart ×12 · Camel Scout ×6 · Monk ×4
Feudal
10:46
Castle
22:03
Imperial
41:42
| APM avg | 19.4 |
| APM peak | 48 |
| eAPM avg | 10.9 |
| Villagers / military | 115 / 3 |
Focus
⚔️ 27.0% · 🌾 73.0%
Unknown (1974) ×172 · Unknown (1968) ×118 · Trade Cart ×30 · Unknown (1942) ×24 · Unknown (1978) ×2 · Monk ×1
Feudal
11:47
Castle
16:03
Imperial
30:03
| APM avg | 25.0 |
| APM peak | 70 |
| eAPM avg | 20.6 |
| Villagers / military | 107 / 609 |
Focus
⚔️ 59.3% · 🌾 40.7%
Spearman ×305 · Longbowman ×300 · Trade Cart ×21 · Mangonel ×2 · Trebuchet (Packed) ×2
Feudal
11:43
Castle
19:48
Imperial
43:25
| APM avg | 29.1 |
| APM peak | 85 |
| eAPM avg | 14.4 |
| Villagers / military | 110 / 215 |
Focus
⚔️ 21.7% · 🌾 78.3%
Ballista Elephant ×120 · Battle Elephant ×92 · Trade Cart ×30 · Monk ×3
Feudal
13:16
Castle
20:21
Imperial
33:29
| APM avg | 15.6 |
| APM peak | 37 |
| eAPM avg | 8.6 |
| Villagers / military | 103 / 1 |
Focus
⚔️ 27.6% · 🌾 72.4%
Unknown (1962) ×215 · Unknown (1959) ×136 · Trade Cart ×23 · Unknown (1966) ×2 · Monk ×1
Feudal
11:24
Castle
18:14
Imperial
34:13
| APM avg | 39.2 |
| APM peak | 83 |
| eAPM avg | 22.6 |
| Villagers / military | 159 / 345 |
Focus
⚔️ 43.3% · 🌾 56.7%
Spearman ×197 · Knight ×111 · Trade Cart ×45 · Bombard Cannon ×29 · Monk ×6 · Scout Cavalry ×2
Match map
Initial resources + every placement click. Lines = walls · curves = elevation contours. ◆ gold · ⬟ stone · ● berries · ✦ relic · ◌ wall gap
Your base
Soimeomeo's base· Open — unwalled flank
Nabican's base
太陽之手-火爆哥's base· Open — unwalled flank
jasem-1970's base· Open — unwalled flank
BENEKLİ AYHAN's base
地獄之手–里歐大帝's base· Open — unwalled flank
Pandaduongvat's base
Smoothed initial terrain · ◌ = detected wall gap · hover for details
Inputs per minute
— liss13 - - Soimeomeo
Build order — liss13
First 150 of 473 actions detected
| 0:02 | Create | Villager (Male) |
| 0:02 | Create | Villager (Male) |
| 0:02 | Create | Villager (Male) |
| 0:24 | Create | Villager (Male) |
| 0:24 | Create | Villager (Male) |
| 1:27 | Create | Villager (Male) |
| 1:27 | Create | Villager (Male) |
| 2:11 | Create | Villager (Male) |
| 2:12 | Create | Villager (Male) |
| 2:33 | Create | Villager (Male) |
| 2:48 | Build | Mill |
| 3:01 | Create | Villager (Male) |
| 3:02 | Create | Villager (Male) |
| 3:29 | Create | Villager (Male) |
| 3:29 | Create | Villager (Male) |
| 3:36 | Research | Loom |
| 3:36 | Research | Loom |
| 3:47 | Create | Villager (Male) |
| 3:47 | Create | Villager (Male) |
| 3:57 | Create | Villager (Male) |
| 4:17 | Create | Villager (Male) |
| 4:17 | Create | Villager (Male) |
| 4:18 | Create | Villager (Male) |
| 5:00 | Create | Villager (Male) |
| 5:00 | Create | Villager (Male) |
| 5:00 | Create | Villager (Male) |
| 5:30 | Create | Villager (Male) |
| 5:30 | Create | Villager (Male) |
| 5:45 | Build | Lumber Camp |
| 6:46 | Create | Villager (Male) |
| 7:03 | Create | Villager (Male) |
| 7:04 | Create | Villager (Male) |
| 8:29 | Research | Feudal Age |
| 8:30 | Research | Feudal Age |
| 9:11 | Build | Mining Camp |
| 9:33 | Build | Mining Camp |
| 10:39 | Age | Feudal Age |
| 10:43 | Research | Wheelbarrow |
| 10:45 | Research | Horse Collar |
| 11:11 | Create | Villager (Male) |
| 11:12 | Create | Villager (Male) |
| 11:19 | Build | Farm |
| 11:20 | Build | Farm |
| 11:21 | Build | Farm |
| 11:22 | Build | Farm |
| 11:24 | Build | Farm |
| 11:58 | Create | Villager (Male) |
| 11:58 | Create | Villager (Male) |
| 12:52 | Build | Market |
| 12:55 | Create | Villager (Male) |
| 13:11 | Build | Farm |
| 13:21 | Create | Villager (Male) |
| 13:24 | Build | Farm |
| 13:29 | Create | Villager (Male) |
| 13:29 | Create | Villager (Male) |
| 13:30 | Create | Villager (Male) |
| 13:30 | Create | Villager (Male) |
| 14:22 | Build | Farm |
| 14:34 | Build | Blacksmith |
| 14:54 | Build | Farm |
| 15:01 | Build | Farm |
| 15:30 | Research | Castle Age |
| 15:30 | Research | Castle Age |
| 15:55 | Research | Gold Mining |
| 16:22 | Research | Stone Mining |
| 16:23 | Research | Stone Mining |
| 16:34 | Build | Barracks |
| 16:50 | Build | Farm |
| 16:59 | Research | Double-Bit Axe |
| 18:06 | Build | Stone Wall |
| 18:23 | Age | Castle Age |
| 18:27 | Build | Building 665 |
| 18:33 | Build | Building 665 |
| 18:37 | Research | Hand Cart |
| 18:41 | Research | Bow Saw |
| 19:07 | Build | Town Center |
| 19:11 | Create | Villager (Male) |
| 19:11 | Create | Villager (Male) |
| 19:11 | Create | Villager (Male) |
| 19:11 | Create | Villager (Male) |
| 19:32 | Create | Trade Cart |
| 20:24 | Create | Villager (Male) |
| 20:43 | Create | Villager (Male) |
| 20:44 | Create | Villager (Male) |
| 20:44 | Create | Villager (Male) |
| 21:17 | Build | Town Center |
| 21:22 | Create | Villager (Male) |
| 21:23 | Create | Villager (Male) |
| 21:24 | Create | Villager (Male) |
| 21:35 | Build | Town Center |
| 21:43 | Create | Villager (Male) |
| 21:43 | Create | Villager (Male) |
| 21:44 | Create | Villager (Male) |
| 21:44 | Create | Villager (Male) |
| 21:53 | Build | Farm |
| 21:54 | Build | Farm |
| 21:56 | Build | Farm |
| 21:57 | Build | Farm |
| 22:04 | Build | Farm |
| 22:29 | Create | Villager (Male) |
| 22:32 | Create | Trade Cart |
| 22:35 | Research | Caravan |
| 22:41 | Build | Farm |
| 23:01 | Create | Villager (Male) |
| 23:01 | Create | Villager (Male) |
| 23:05 | Create | Villager (Male) |
| 23:05 | Create | Villager (Male) |
| 23:10 | Research | Heavy Plow |
| 23:24 | Create | Villager (Male) |
| 23:24 | Create | Villager (Male) |
| 23:25 | Create | Villager (Male) |
| 23:25 | Create | Villager (Male) |
| 23:27 | Create | Villager (Male) |
| 23:49 | Build | Farm |
| 23:50 | Build | Farm |
| 23:51 | Build | Farm |
| 23:52 | Build | Farm |
| 23:53 | Build | Farm |
| 23:58 | Build | Farm |
| 24:01 | Create | Villager (Male) |
| 24:01 | Create | Villager (Male) |
| 24:07 | Build | Barracks |
| 24:15 | Build | Farm |
| 24:17 | Build | Farm |
| 24:19 | Build | Farm |
| 24:21 | Build | Farm |
| 24:24 | Create | Villager (Male) |
| 24:25 | Create | Villager (Male) |
| 24:26 | Create | Villager (Male) |
| 24:31 | Build | Farm |
| 24:32 | Build | Farm |
| 24:33 | Build | Farm |
| 24:49 | Create | Villager (Male) |
| 24:50 | Create | Villager (Male) |
| 24:50 | Create | Villager (Male) |
| 24:57 | Build | Farm |
| 25:07 | Create | Villager (Male) |
| 25:07 | Create | Villager (Male) |
| 25:11 | Build | Farm |
| 25:28 | Build | Lumber Camp |
| 25:55 | Build | Stone Wall |
| 26:04 | Create | Villager (Male) |
| 26:05 | Create | Villager (Male) |
| 26:05 | Create | Villager (Male) |
| 26:28 | Create | Villager (Male) |
| 26:28 | Create | Villager (Male) |
| 26:28 | Create | Villager (Male) |
| 26:41 | Build | Archery Range |
| 26:45 | Build | Stable |
| 26:55 | Build | University |
Build order — Soimeomeo
First 150 of 373 actions detected
| 0:05 | Build | House |
| 0:06 | Build | House |
| 0:36 | Create | Villager (Male) |
| 0:36 | Create | Villager (Male) |
| 0:37 | Create | Villager (Male) |
| 0:37 | Create | Villager (Male) |
| 0:37 | Create | Villager (Male) |
| 1:53 | Create | Villager (Male) |
| 1:53 | Create | Villager (Male) |
| 2:19 | Build | House |
| 2:22 | Create | Villager (Male) |
| 2:23 | Create | Villager (Male) |
| 2:43 | Build | House |
| 3:03 | Build | Lumber Camp |
| 3:06 | Create | Villager (Male) |
| 3:06 | Create | Villager (Male) |
| 3:17 | Create | Villager (Male) |
| 3:37 | Create | Villager (Male) |
| 4:03 | Create | Villager (Male) |
| 4:03 | Create | Villager (Male) |
| 4:55 | Create | Villager (Male) |
| 4:55 | Create | Villager (Male) |
| 4:56 | Create | Villager (Male) |
| 4:56 | Create | Villager (Male) |
| 5:48 | Build | Mill |
| 5:54 | Create | Villager (Male) |
| 6:21 | Create | Villager (Male) |
| 6:22 | Create | Villager (Male) |
| 6:22 | Create | Villager (Male) |
| 7:22 | Create | Villager (Male) |
| 7:23 | Create | Villager (Male) |
| 7:23 | Create | Villager (Male) |
| 7:51 | Create | Villager (Male) |
| 8:03 | Create | Villager (Male) |
| 8:03 | Create | Villager (Male) |
| 8:03 | Create | Villager (Male) |
| 9:20 | Build | Mining Camp |
| 9:43 | Research | Feudal Age |
| 10:25 | Build | Farm |
| 10:26 | Build | Farm |
| 12:16 | Age | Feudal Age |
| 12:20 | Build | Blacksmith |
| 12:54 | Build | Market |
| 13:13 | Build | Mining Camp |
| 13:37 | Build | Farm |
| 13:40 | Build | Farm |
| 13:59 | Build | House |
| 14:00 | Build | House |
| 14:05 | Research | Double-Bit Axe |
| 14:08 | Research | Castle Age |
| 15:30 | Create | Trade Cart |
| 15:30 | Create | Trade Cart |
| 16:20 | Build | Lumber Camp |
| 16:48 | Age | Castle Age |
| 16:56 | Build | Town Center |
| 17:36 | Research | Bow Saw |
| 17:38 | Create | Villager (Male) |
| 17:38 | Create | Villager (Male) |
| 17:48 | Build | Castle |
| 18:06 | Create | Villager (Male) |
| 18:11 | Build | Farm |
| 18:13 | Create | Villager (Male) |
| 18:36 | Build | Farm |
| 18:41 | Build | Farm |
| 18:45 | Create | Villager (Male) |
| 19:06 | Build | Farm |
| 19:13 | Create | Villager (Male) |
| 19:17 | Build | Farm |
| 19:34 | Create | Villager (Male) |
| 19:34 | Create | Villager (Male) |
| 19:44 | Build | Farm |
| 20:01 | Build | Farm |
| 20:02 | Create | Villager (Male) |
| 20:06 | Create | Villager (Male) |
| 20:37 | Build | Farm |
| 20:40 | Create | Villager (Male) |
| 20:44 | Build | Farm |
| 20:57 | Build | Town Center |
| 21:02 | Create | Villager (Male) |
| 21:02 | Create | Villager (Male) |
| 21:02 | Create | Villager (Male) |
| 21:16 | Build | House |
| 21:18 | Build | House |
| 21:26 | Create | Villager (Male) |
| 21:26 | Create | Villager (Male) |
| 21:26 | Create | Villager (Male) |
| 21:50 | Create | Villager (Male) |
| 21:50 | Create | Villager (Male) |
| 22:04 | Build | Siege Workshop |
| 22:10 | Create | Villager (Male) |
| 22:10 | Create | Villager (Male) |
| 22:10 | Create | Villager (Male) |
| 22:30 | Build | Farm |
| 22:33 | Create | Villager (Male) |
| 22:41 | Create | Villager (Male) |
| 22:49 | Create | War Wagon |
| 22:52 | Build | Farm |
| 23:00 | Create | Villager (Male) |
| 23:00 | Create | Villager (Male) |
| 23:01 | Create | Villager (Male) |
| 23:02 | Build | Farm |
| 23:12 | Build | Farm |
| 23:18 | Create | Villager (Male) |
| 23:20 | Create | Villager (Male) |
| 23:20 | Create | Villager (Male) |
| 23:25 | Build | Farm |
| 23:39 | Build | Farm |
| 23:58 | Build | Mining Camp |
| 24:06 | Create | Villager (Male) |
| 24:06 | Create | Villager (Male) |
| 24:06 | Create | Villager (Male) |
| 24:06 | Create | Villager (Male) |
| 24:13 | Build | Farm |
| 24:18 | Create | Villager (Male) |
| 24:18 | Create | Villager (Male) |
| 24:25 | Build | Farm |
| 24:43 | Create | Villager (Male) |
| 24:43 | Create | Villager (Male) |
| 24:43 | Create | Villager (Male) |
| 24:43 | Create | Villager (Male) |
| 24:54 | Build | Farm |
| 25:23 | Build | Farm |
| 25:32 | Create | War Wagon |
| 25:54 | Build | Farm |
| 25:56 | Build | Farm |
| 25:59 | Create | Villager (Male) |
| 25:59 | Create | Villager (Male) |
| 26:01 | Create | Villager (Male) |
| 26:02 | Create | Villager (Male) |
| 26:29 | Build | Castle |
| 26:35 | Create | War Wagon |
| 26:38 | Build | Farm |
| 26:41 | Build | Farm |
| 26:44 | Build | Farm |
| 26:51 | Create | Villager (Male) |
| 26:51 | Create | Villager (Male) |
| 26:52 | Create | Villager (Male) |
| 26:58 | Build | Farm |
| 27:19 | Create | War Wagon |
| 27:20 | Create | War Wagon |
| 27:23 | Build | Farm |
| 27:25 | Build | Farm |
| 27:27 | Build | Farm |
| 27:36 | Build | Lumber Camp |
| 27:58 | Research | Imperial Age |
| 28:02 | Create | Villager (Male) |
| 28:02 | Create | Villager (Male) |
| 28:07 | Create | Villager (Male) |
| 28:07 | Create | Villager (Male) |
| 28:09 | Create | Villager (Male) |
Build order — Nabican
First 150 of 377 actions detected
| 0:10 | Build | House |
| 0:12 | Build | House |
| 0:16 | Create | Villager (Male) |
| 0:17 | Create | Villager (Male) |
| 0:17 | Create | Villager (Male) |
| 0:17 | Create | Villager (Male) |
| 0:17 | Create | Villager (Male) |
| 0:17 | Create | Villager (Male) |
| 1:45 | Create | Villager (Male) |
| 1:56 | Create | Villager (Male) |
| 2:44 | Create | Villager (Male) |
| 3:08 | Create | Villager (Male) |
| 3:14 | Research | Loom |
| 3:33 | Create | Villager (Male) |
| 4:07 | Create | Villager (Male) |
| 4:07 | Create | Villager (Male) |
| 4:07 | Create | Villager (Male) |
| 4:07 | Create | Villager (Male) |
| 5:03 | Build | Mill |
| 6:16 | Create | Villager (Male) |
| 6:16 | Create | Villager (Male) |
| 6:16 | Create | Villager (Male) |
| 6:16 | Create | Villager (Male) |
| 6:17 | Create | Villager (Male) |
| 6:17 | Create | Villager (Male) |
| 6:24 | Build | House |
| 6:59 | Build | House |
| 7:03 | Create | Villager (Male) |
| 7:42 | Build | Lumber Camp |
| 9:40 | Create | Villager (Male) |
| 9:41 | Create | Villager (Male) |
| 9:47 | Create | Villager (Male) |
| 10:49 | Build | Mining Camp |
| 10:56 | Create | Villager (Male) |
| 10:57 | Create | Villager (Male) |
| 10:58 | Create | Villager (Male) |
| 11:05 | Build | House |
| 11:28 | Research | Feudal Age |
| 11:48 | Build | Farm |
| 11:49 | Build | Farm |
| 12:04 | Build | Farm |
| 12:06 | Build | Farm |
| 12:31 | Build | Farm |
| 12:40 | Build | Farm |
| 12:45 | Build | Farm |
| 13:38 | Build | Farm |
| 13:38 | Age | Feudal Age |
| 13:42 | Research | Town Watch |
| 13:53 | Build | Farm |
| 13:57 | Create | Villager (Male) |
| 13:57 | Create | Villager (Male) |
| 13:58 | Create | Villager (Male) |
| 14:09 | Build | House |
| 14:14 | Research | Horse Collar |
| 14:17 | Research | Double-Bit Axe |
| 14:46 | Build | Farm |
| 14:51 | Research | Gold Mining |
| 15:34 | Build | Market |
| 15:53 | Research | Wheelbarrow |
| 16:16 | Create | Villager (Male) |
| 16:16 | Create | Villager (Male) |
| 16:16 | Create | Villager (Male) |
| 16:34 | Build | Blacksmith |
| 17:15 | Build | Farm |
| 17:16 | Build | Farm |
| 17:22 | Create | Villager (Male) |
| 17:39 | Build | Barracks |
| 18:19 | Research | Castle Age |
| 18:36 | Build | Mining Camp |
| 19:29 | Create | Trade Cart |
| 19:31 | Create | Trade Cart |
| 19:33 | Create | Trade Cart |
| 19:40 | Research | Stone Mining |
| 19:48 | Create | Militia |
| 19:48 | Create | Spearman |
| 20:31 | Research | Man-at-Arms (upgrade) |
| 20:49 | Build | Lumber Camp |
| 20:59 | Build | Lumber Camp |
| 20:59 | Age | Castle Age |
| 21:04 | Create | Villager (Male) |
| 21:05 | Create | Villager (Male) |
| 21:24 | Build | House |
| 21:29 | Create | Villager (Male) |
| 21:41 | Research | Bow Saw |
| 21:57 | Create | Villager (Male) |
| 22:00 | Research | Town Patrol |
| 22:04 | Create | Spearman |
| 22:05 | Create | Militia |
| 22:31 | Create | Villager (Male) |
| 23:06 | Build | House |
| 23:28 | Build | Town Center |
| 23:40 | Build | Farm |
| 23:42 | Build | Farm |
| 24:41 | Create | Villager (Male) |
| 24:42 | Create | Villager (Male) |
| 24:49 | Research | Heavy Plow |
| 25:24 | Create | Villager (Male) |
| 25:24 | Create | Villager (Male) |
| 25:24 | Create | Villager (Male) |
| 25:25 | Create | Villager (Male) |
| 25:33 | Build | Farm |
| 25:35 | Build | Farm |
| 25:44 | Research | Caravan |
| 26:26 | Build | House |
| 26:33 | Create | Villager (Male) |
| 26:33 | Create | Villager (Male) |
| 26:37 | Create | Villager (Male) |
| 26:38 | Create | Villager (Male) |
| 27:10 | Research | Hand Cart |
| 27:18 | Build | Farm |
| 27:19 | Build | Farm |
| 27:35 | Create | Villager (Male) |
| 27:35 | Create | Villager (Male) |
| 27:39 | Create | Villager (Male) |
| 27:40 | Create | Villager (Male) |
| 27:52 | Build | Castle |
| 28:03 | Create | Villager (Male) |
| 28:04 | Create | Villager (Male) |
| 28:40 | Build | Farm |
| 28:42 | Research | Forging |
| 29:02 | Build | House |
| 29:04 | Build | House |
| 29:11 | Research | Coinage |
| 29:37 | Create | Villager (Male) |
| 29:37 | Create | Villager (Male) |
| 29:41 | Create | Villager (Male) |
| 29:41 | Create | Villager (Male) |
| 29:42 | Create | Villager (Male) |
| 29:56 | Build | Farm |
| 30:24 | Create | Trade Cart |
| 30:25 | Create | Trade Cart |
| 30:30 | Create | Villager (Male) |
| 30:36 | Build | Farm |
| 30:50 | Build | Farm |
| 30:52 | Create | Villager (Male) |
| 30:53 | Create | Villager (Male) |
| 30:53 | Create | Villager (Male) |
| 30:54 | Create | Villager (Male) |
| 30:57 | Create | Villager (Male) |
| 30:59 | Create | Villager (Male) |
| 31:00 | Create | Villager (Male) |
| 31:01 | Create | Villager (Male) |
| 31:12 | Build | Mining Camp |
| 31:16 | Create | Villager (Male) |
| 31:21 | Create | Villager (Male) |
| 31:23 | Create | Villager (Male) |
| 31:34 | Build | Farm |
| 31:42 | Create | Villager (Male) |
| 31:44 | Create | Villager (Male) |
| 31:51 | Create | Trade Cart |
Build order — 太陽之手-火爆哥
First 150 of 374 actions detected
| 0:03 | Create | Villager (Male) |
| 0:03 | Create | Villager (Male) |
| 0:03 | Create | Villager (Male) |
| 0:03 | Create | Villager (Male) |
| 0:03 | Create | Villager (Male) |
| 0:04 | Research | Loom |
| 0:08 | Build | House |
| 0:34 | Build | House |
| 0:36 | Build | House |
| 1:46 | Create | Villager (Male) |
| 1:46 | Create | Villager (Male) |
| 2:14 | Build | Lumber Camp |
| 2:45 | Create | Villager (Male) |
| 2:45 | Create | Villager (Male) |
| 2:45 | Create | Villager (Male) |
| 2:45 | Create | Villager (Male) |
| 3:31 | Create | Villager (Male) |
| 3:31 | Create | Villager (Male) |
| 3:31 | Create | Villager (Male) |
| 4:36 | Create | Villager (Male) |
| 4:37 | Create | Villager (Male) |
| 4:37 | Create | Villager (Male) |
| 5:25 | Create | Villager (Male) |
| 5:25 | Create | Villager (Male) |
| 5:25 | Create | Villager (Male) |
| 6:37 | Create | Villager (Male) |
| 6:38 | Create | Villager (Male) |
| 6:44 | Build | House |
| 7:45 | Create | Villager (Male) |
| 7:45 | Create | Villager (Male) |
| 7:56 | Build | Mill |
| 8:11 | Build | Mining Camp |
| 8:17 | Create | Villager (Male) |
| 8:36 | Research | Feudal Age |
| 9:22 | Build | Barracks |
| 9:27 | Build | House |
| 9:28 | Build | House |
| 9:39 | Build | House |
| 9:54 | Create | Villager (Male) |
| 9:54 | Create | Villager (Male) |
| 10:46 | Age | Feudal Age |
| 10:50 | Research | Double-Bit Axe |
| 10:52 | Research | Horse Collar |
| 10:55 | Create | Villager (Male) |
| 11:20 | Build | Blacksmith |
| 11:29 | Create | Villager (Male) |
| 12:08 | Build | House |
| 12:09 | Build | House |
| 12:20 | Create | Villager (Male) |
| 12:48 | Build | Market |
| 12:56 | Create | Villager (Male) |
| 12:57 | Research | Wheelbarrow |
| 13:01 | Create | Villager (Male) |
| 13:11 | Build | Farm |
| 13:12 | Build | Farm |
| 13:34 | Build | Mining Camp |
| 14:20 | Build | Lumber Camp |
| 14:23 | Create | Villager (Male) |
| 14:24 | Create | Villager (Male) |
| 14:24 | Create | Villager (Male) |
| 14:36 | Build | House |
| 14:56 | Build | Farm |
| 15:11 | Research | Castle Age |
| 16:02 | Build | House |
| 16:13 | Research | Fletching |
| 16:15 | Research | Forging |
| 16:18 | Research | Padded Archer Armor |
| 16:18 | Research | Scale Mail Armor |
| 16:25 | Build | Archery Range |
| 16:38 | Build | Farm |
| 16:46 | Research | Stone Mining |
| 16:57 | Create | Villager (Male) |
| 17:11 | Build | Farm |
| 17:12 | Build | Farm |
| 17:13 | Build | Farm |
| 17:15 | Build | Farm |
| 17:19 | Build | Farm |
| 17:22 | Build | Farm |
| 18:02 | Create | Spearman |
| 18:34 | Build | Farm |
| 18:53 | Create | Villager (Male) |
| 19:23 | Research | Castle Age |
| 19:59 | Build | Stone Wall |
| 20:23 | Research | Gold Mining |
| 21:14 | Research | Wheelbarrow |
| 21:48 | Build | Building 490 |
| 21:57 | Build | Stone Wall |
| 22:03 | Age | Castle Age |
| 22:10 | Build | Castle |
| 22:24 | Build | Town Center |
| 22:39 | Build | Town Center |
| 22:55 | Create | Villager (Male) |
| 23:31 | Build | Stone Wall |
| 23:50 | Create | Villager (Male) |
| 23:51 | Create | Villager (Male) |
| 23:51 | Create | Villager (Male) |
| 23:51 | Create | Villager (Male) |
| 23:56 | Create | Villager (Male) |
| 23:57 | Create | Villager (Male) |
| 23:57 | Create | Villager (Male) |
| 24:44 | Create | Villager (Male) |
| 24:46 | Create | Villager (Male) |
| 24:47 | Create | Villager (Male) |
| 24:58 | Create | Villager (Male) |
| 24:59 | Create | Villager (Male) |
| 24:59 | Create | Villager (Male) |
| 24:59 | Create | Villager (Male) |
| 25:13 | Build | Farm |
| 25:34 | Build | Monastery |
| 25:44 | Create | Villager (Male) |
| 25:44 | Create | Villager (Male) |
| 25:56 | Build | Farm |
| 26:06 | Research | Bow Saw |
| 26:23 | Build | Mining Camp |
| 26:25 | Create | Unit 1968 |
| 26:25 | Create | Unit 1968 |
| 26:35 | Create | Villager (Male) |
| 26:35 | Create | Villager (Male) |
| 26:39 | Build | Farm |
| 26:40 | Build | Farm |
| 26:45 | Create | Villager (Male) |
| 26:45 | Create | Villager (Male) |
| 26:54 | Build | Farm |
| 26:56 | Build | Farm |
| 27:01 | Build | Farm |
| 27:05 | Create | Villager (Male) |
| 27:05 | Create | Villager (Male) |
| 27:16 | Build | Mining Camp |
| 27:28 | Create | Monk |
| 27:43 | Build | Mining Camp |
| 28:00 | Research | Heavy Plow |
| 28:05 | Create | Villager (Male) |
| 28:05 | Create | Villager (Male) |
| 28:06 | Create | Villager (Male) |
| 28:31 | Create | Villager (Male) |
| 28:31 | Create | Villager (Male) |
| 28:45 | Build | Farm |
| 29:04 | Build | Farm |
| 29:27 | Build | Barracks |
| 29:29 | Build | Barracks |
| 29:41 | Create | Unit 1968 |
| 29:42 | Create | Unit 1968 |
| 29:42 | Create | Unit 1968 |
| 29:42 | Create | Unit 1968 |
| 29:47 | Research | Hand Cart |
| 29:50 | Create | Villager (Male) |
| 29:50 | Create | Villager (Male) |
| 29:50 | Create | Villager (Male) |
| 29:59 | Build | Farm |
| 30:07 | Research | Hand Cart |
Build order — jasem-1970
First 150 of 887 actions detected
| 0:02 | Create | Villager (Male) |
| 0:02 | Create | Villager (Male) |
| 0:02 | Create | Villager (Male) |
| 0:04 | Create | Villager (Male) |
| 0:04 | Create | Villager (Male) |
| 0:04 | Create | Villager (Male) |
| 0:04 | Create | Villager (Male) |
| 0:10 | Build | House |
| 0:16 | Build | House |
| 1:25 | Create | Villager (Male) |
| 1:55 | Create | Villager (Male) |
| 1:56 | Create | Villager (Male) |
| 2:09 | Create | Villager (Male) |
| 2:29 | Create | Villager (Male) |
| 2:29 | Create | Villager (Male) |
| 2:45 | Build | Lumber Camp |
| 2:50 | Create | Villager (Male) |
| 2:50 | Create | Villager (Male) |
| 3:04 | Create | Villager (Male) |
| 3:04 | Create | Villager (Male) |
| 3:32 | Create | Villager (Male) |
| 3:44 | Build | House |
| 3:49 | Build | House |
| 3:53 | Build | House |
| 4:08 | Create | Villager (Male) |
| 4:32 | Create | Villager (Male) |
| 4:55 | Create | Villager (Male) |
| 5:08 | Create | Villager (Male) |
| 5:28 | Create | Villager (Male) |
| 5:34 | Build | Mill |
| 6:17 | Create | Villager (Male) |
| 6:50 | Create | Villager (Male) |
| 7:08 | Create | Villager (Male) |
| 7:19 | Create | Villager (Male) |
| 7:45 | Create | Villager (Male) |
| 8:35 | Create | Villager (Male) |
| 8:35 | Create | Villager (Male) |
| 9:20 | Build | Mining Camp |
| 9:30 | Research | Feudal Age |
| 9:53 | Build | Mill |
| 9:59 | Create | Villager (Male) |
| 9:59 | Create | Villager (Male) |
| 10:13 | Build | Farm |
| 10:14 | Build | Farm |
| 10:16 | Build | Farm |
| 10:19 | Build | Farm |
| 10:21 | Build | Farm |
| 10:42 | Create | Villager (Male) |
| 11:47 | Age | Feudal Age |
| 12:00 | Build | Market |
| 12:07 | Build | Blacksmith |
| 12:27 | Research | Double-Bit Axe |
| 13:01 | Build | Mining Camp |
| 13:23 | Research | Castle Age |
| 13:38 | Build | House |
| 13:44 | Build | House |
| 13:49 | Build | House |
| 14:00 | Build | House |
| 14:29 | Research | Horse Collar |
| 15:04 | Create | Villager (Male) |
| 15:04 | Create | Villager (Male) |
| 15:19 | Research | Gold Mining |
| 15:21 | Research | Stone Mining |
| 15:43 | Create | Villager (Male) |
| 16:03 | Age | Castle Age |
| 16:08 | Build | Town Center |
| 16:32 | Build | Town Center |
| 16:54 | Create | Villager (Male) |
| 16:54 | Create | Villager (Male) |
| 17:34 | Create | Villager (Male) |
| 17:34 | Create | Villager (Male) |
| 17:41 | Create | Villager (Male) |
| 17:57 | Build | Farm |
| 18:01 | Create | Villager (Male) |
| 18:08 | Create | Villager (Male) |
| 18:08 | Create | Villager (Male) |
| 18:24 | Build | Farm |
| 18:30 | Create | Villager (Male) |
| 18:30 | Create | Villager (Male) |
| 18:42 | Build | Farm |
| 18:46 | Create | Villager (Male) |
| 18:50 | Create | Trade Cart |
| 18:52 | Create | Trade Cart |
| 18:52 | Create | Trade Cart |
| 18:52 | Create | Trade Cart |
| 18:53 | Create | Trade Cart |
| 19:26 | Build | Farm |
| 19:27 | Create | Villager (Male) |
| 19:28 | Create | Villager (Male) |
| 19:37 | Build | Farm |
| 19:43 | Create | Villager (Male) |
| 19:44 | Create | Villager (Male) |
| 20:02 | Build | Farm |
| 20:04 | Build | Farm |
| 20:06 | Create | Villager (Male) |
| 20:06 | Create | Villager (Male) |
| 20:06 | Create | Villager (Male) |
| 20:30 | Build | Farm |
| 20:36 | Build | Farm |
| 20:38 | Create | Villager (Male) |
| 20:38 | Create | Villager (Male) |
| 20:47 | Build | Farm |
| 21:02 | Build | Farm |
| 21:04 | Create | Villager (Male) |
| 21:04 | Create | Villager (Male) |
| 21:37 | Build | Castle |
| 21:43 | Build | Farm |
| 21:46 | Create | Villager (Male) |
| 21:52 | Create | Villager (Male) |
| 21:52 | Create | Villager (Male) |
| 21:59 | Create | Villager (Male) |
| 21:59 | Create | Villager (Male) |
| 22:06 | Build | House |
| 22:09 | Build | House |
| 22:12 | Build | House |
| 22:15 | Create | Villager (Male) |
| 22:25 | Build | Farm |
| 22:31 | Build | Farm |
| 22:32 | Create | Villager (Male) |
| 22:32 | Create | Villager (Male) |
| 22:53 | Build | House |
| 22:54 | Build | House |
| 22:56 | Build | House |
| 22:58 | Build | House |
| 22:59 | Build | House |
| 23:01 | Build | House |
| 23:02 | Build | House |
| 23:03 | Build | House |
| 23:11 | Build | Farm |
| 23:15 | Build | Farm |
| 23:17 | Create | Villager (Male) |
| 23:18 | Create | Villager (Male) |
| 23:25 | Build | Farm |
| 23:43 | Build | Farm |
| 23:45 | Create | Villager (Male) |
| 23:45 | Create | Villager (Male) |
| 24:00 | Build | Farm |
| 24:02 | Create | Villager (Male) |
| 24:02 | Create | Villager (Male) |
| 24:13 | Create | Villager (Male) |
| 24:20 | Build | Farm |
| 24:25 | Create | Villager (Male) |
| 24:33 | Build | Farm |
| 24:41 | Build | Farm |
| 24:43 | Create | Villager (Male) |
| 24:50 | Build | Farm |
| 24:54 | Build | Farm |
| 24:57 | Create | Villager (Male) |
| 25:03 | Build | Farm |
| 25:07 | Create | Villager (Male) |
Build order — BENEKLİ AYHAN
First 150 of 413 actions detected
| 0:03 | Build | House |
| 0:04 | Create | Villager (Male) |
| 0:04 | Create | Villager (Male) |
| 0:05 | Create | Villager (Male) |
| 0:05 | Create | Villager (Male) |
| 0:06 | Build | House |
| 1:36 | Create | Villager (Male) |
| 1:43 | Build | Lumber Camp |
| 2:27 | Research | Loom |
| 2:28 | Create | Villager (Male) |
| 2:28 | Create | Villager (Male) |
| 2:29 | Create | Villager (Male) |
| 3:11 | Create | Villager (Male) |
| 3:11 | Create | Villager (Male) |
| 3:11 | Create | Villager (Male) |
| 4:23 | Build | House |
| 4:31 | Create | Villager (Male) |
| 4:32 | Create | Villager (Male) |
| 4:32 | Create | Villager (Male) |
| 4:32 | Create | Villager (Male) |
| 5:35 | Build | Mill |
| 5:44 | Create | Villager (Male) |
| 5:44 | Create | Villager (Male) |
| 5:45 | Create | Villager (Male) |
| 6:58 | Create | Villager (Male) |
| 6:59 | Create | Villager (Male) |
| 6:59 | Create | Villager (Male) |
| 7:39 | Build | House |
| 8:48 | Build | House |
| 9:04 | Create | Villager (Male) |
| 9:33 | Research | Feudal Age |
| 11:02 | Research | Loom |
| 11:43 | Age | Feudal Age |
| 11:46 | Build | Barracks |
| 12:02 | Build | Blacksmith |
| 12:10 | Build | Market |
| 12:24 | Build | Lumber Camp |
| 12:45 | Build | Stable |
| 13:09 | Build | Mining Camp |
| 13:40 | Create | Trade Cart |
| 14:10 | Build | Lumber Camp |
| 14:28 | Create | Villager (Male) |
| 14:28 | Create | Villager (Male) |
| 14:28 | Create | Villager (Male) |
| 14:31 | Create | Villager (Male) |
| 16:43 | Create | Villager (Male) |
| 17:02 | Research | Castle Age |
| 17:14 | Build | Farm |
| 17:14 | Build | Farm |
| 17:14 | Build | Farm |
| 17:15 | Build | Farm |
| 17:15 | Build | Farm |
| 17:15 | Build | Farm |
| 17:15 | Build | Farm |
| 17:16 | Build | Farm |
| 17:16 | Build | Farm |
| 17:17 | Build | Farm |
| 18:53 | Create | Trade Cart |
| 19:48 | Age | Castle Age |
| 20:10 | Create | Villager (Male) |
| 20:10 | Create | Villager (Male) |
| 20:10 | Create | Villager (Male) |
| 20:11 | Create | Villager (Male) |
| 20:11 | Create | Villager (Male) |
| 20:25 | Build | House |
| 20:26 | Build | House |
| 20:34 | Build | House |
| 20:47 | Create | Trade Cart |
| 20:47 | Create | Trade Cart |
| 20:59 | Build | Town Center |
| 21:09 | Build | Town Center |
| 21:23 | Create | Villager (Male) |
| 21:24 | Create | Villager (Male) |
| 21:43 | Build | Monastery |
| 21:53 | Create | Villager (Male) |
| 22:05 | Build | House |
| 22:12 | Build | House |
| 22:15 | Build | House |
| 22:17 | Build | House |
| 22:25 | Create | Monk |
| 22:25 | Create | Monk |
| 22:25 | Create | Monk |
| 24:47 | Create | Villager (Male) |
| 24:48 | Create | Villager (Male) |
| 24:48 | Create | Villager (Male) |
| 24:48 | Create | Villager (Male) |
| 24:48 | Create | Villager (Male) |
| 24:49 | Create | Villager (Male) |
| 25:55 | Build | Farm |
| 25:56 | Build | Farm |
| 25:56 | Build | Farm |
| 25:56 | Build | Farm |
| 25:57 | Build | Farm |
| 25:57 | Build | Farm |
| 25:57 | Build | Farm |
| 25:57 | Build | Farm |
| 26:12 | Build | Farm |
| 26:12 | Build | Farm |
| 26:13 | Build | Farm |
| 26:13 | Build | Farm |
| 26:13 | Build | Farm |
| 26:13 | Build | Farm |
| 26:14 | Build | Farm |
| 26:54 | Create | Villager (Male) |
| 26:54 | Create | Villager (Male) |
| 26:54 | Create | Villager (Male) |
| 26:55 | Create | Villager (Male) |
| 26:55 | Create | Villager (Male) |
| 26:56 | Create | Villager (Male) |
| 27:03 | Create | Villager (Male) |
| 27:03 | Create | Villager (Male) |
| 27:04 | Create | Villager (Male) |
| 27:04 | Create | Villager (Male) |
| 27:04 | Create | Villager (Male) |
| 27:08 | Research | Wheelbarrow |
| 27:18 | Research | Horse Collar |
| 27:42 | Research | Double-Bit Axe |
| 28:23 | Build | Lumber Camp |
| 28:28 | Create | Villager (Male) |
| 28:28 | Create | Villager (Male) |
| 28:28 | Create | Villager (Male) |
| 28:29 | Create | Villager (Male) |
| 28:39 | Build | Farm |
| 28:53 | Build | Farm |
| 29:02 | Create | Villager (Male) |
| 29:11 | Create | Villager (Male) |
| 29:12 | Create | Villager (Male) |
| 29:12 | Create | Villager (Male) |
| 29:12 | Create | Villager (Male) |
| 29:13 | Create | Villager (Male) |
| 29:13 | Create | Villager (Male) |
| 29:37 | Research | Bow Saw |
| 29:41 | Research | Heavy Plow |
| 29:49 | Research | Gold Mining |
| 29:50 | Research | Stone Mining |
| 30:12 | Build | Farm |
| 30:32 | Research | Hand Cart |
| 30:39 | Create | Villager (Male) |
| 30:40 | Create | Villager (Male) |
| 30:40 | Create | Villager (Male) |
| 30:42 | Create | Villager (Male) |
| 30:49 | Create | Villager (Male) |
| 30:49 | Create | Villager (Male) |
| 30:49 | Create | Villager (Male) |
| 30:50 | Create | Villager (Male) |
| 30:50 | Create | Villager (Male) |
| 30:50 | Create | Villager (Male) |
| 31:32 | Create | Villager (Male) |
| 31:32 | Create | Villager (Male) |
| 31:32 | Create | Villager (Male) |
Build order — 地獄之手–里歐大帝
First 150 of 302 actions detected
| 0:06 | Create | Villager (Male) |
| 0:06 | Create | Villager (Male) |
| 0:06 | Create | Villager (Male) |
| 0:10 | Build | House |
| 0:11 | Build | House |
| 0:14 | Create | Villager (Male) |
| 0:14 | Create | Villager (Male) |
| 1:39 | Create | Villager (Male) |
| 1:39 | Create | Villager (Male) |
| 2:17 | Create | Villager (Male) |
| 2:17 | Create | Villager (Male) |
| 2:41 | Create | Villager (Male) |
| 2:41 | Create | Villager (Male) |
| 3:14 | Create | Villager (Male) |
| 3:14 | Create | Villager (Male) |
| 3:14 | Create | Villager (Male) |
| 3:25 | Build | House |
| 3:35 | Create | Villager (Male) |
| 3:35 | Create | Villager (Male) |
| 4:00 | Create | Villager (Male) |
| 4:00 | Create | Villager (Male) |
| 4:24 | Build | House |
| 4:28 | Build | House |
| 5:07 | Create | Villager (Male) |
| 5:07 | Create | Villager (Male) |
| 5:08 | Create | Villager (Male) |
| 5:13 | Build | Mill |
| 5:40 | Create | Villager (Male) |
| 5:41 | Create | Villager (Male) |
| 5:41 | Create | Villager (Male) |
| 5:41 | Create | Villager (Male) |
| 5:41 | Create | Villager (Male) |
| 6:09 | Create | Villager (Male) |
| 6:09 | Create | Villager (Male) |
| 7:08 | Create | Villager (Male) |
| 7:09 | Create | Villager (Male) |
| 7:09 | Create | Villager (Male) |
| 8:47 | Create | Villager (Male) |
| 8:47 | Create | Villager (Male) |
| 8:48 | Create | Villager (Male) |
| 9:12 | Build | Farm |
| 9:20 | Build | Farm |
| 9:34 | Build | Lumber Camp |
| 9:54 | Build | Farm |
| 10:11 | Build | Mill |
| 10:20 | Build | Barracks |
| 10:52 | Build | Farm |
| 11:06 | Research | Feudal Age |
| 11:45 | Build | Farm |
| 12:40 | Create | Villager (Male) |
| 13:16 | Age | Feudal Age |
| 13:21 | Create | Villager (Male) |
| 13:39 | Build | Blacksmith |
| 13:46 | Create | Villager (Male) |
| 14:04 | Build | House |
| 14:36 | Research | Double-Bit Axe |
| 15:07 | Research | Loom |
| 15:36 | Create | Villager (Male) |
| 15:37 | Create | Villager (Male) |
| 16:16 | Build | Market |
| 16:26 | Research | Wheelbarrow |
| 16:35 | Build | Farm |
| 16:39 | Build | Farm |
| 16:47 | Build | Mining Camp |
| 17:30 | Research | Castle Age |
| 17:40 | Build | Mining Camp |
| 18:19 | Build | Farm |
| 18:21 | Build | Farm |
| 19:32 | Create | Villager (Male) |
| 19:59 | Create | Villager (Male) |
| 20:21 | Age | Castle Age |
| 20:29 | Research | Horse Collar |
| 20:33 | Research | Bow Saw |
| 20:37 | Create | Villager (Male) |
| 20:53 | Build | Town Center |
| 20:59 | Create | Villager (Male) |
| 20:59 | Create | Villager (Male) |
| 21:26 | Build | House |
| 21:29 | Build | House |
| 21:32 | Build | House |
| 21:35 | Build | House |
| 21:51 | Research | Stone Mining |
| 21:57 | Research | Gold Mining |
| 22:00 | Create | Villager (Male) |
| 23:18 | Build | Farm |
| 23:19 | Build | Farm |
| 23:24 | Create | Villager (Male) |
| 23:24 | Create | Villager (Male) |
| 23:46 | Build | Monastery |
| 23:51 | Create | Villager (Male) |
| 23:51 | Create | Villager (Male) |
| 23:57 | Build | Farm |
| 23:58 | Build | Farm |
| 24:02 | Create | Villager (Male) |
| 24:02 | Create | Villager (Male) |
| 24:10 | Research | Fletching |
| 24:16 | Create | Villager (Male) |
| 24:16 | Create | Villager (Male) |
| 24:46 | Create | Trade Cart ×4 |
| 24:55 | Build | Farm |
| 24:58 | Build | Farm |
| 25:17 | Create | Monk |
| 25:50 | Build | Farm |
| 25:55 | Create | Villager (Male) |
| 25:56 | Create | Villager (Male) |
| 26:30 | Build | Farm |
| 26:32 | Build | Farm |
| 26:46 | Create | Villager (Male) |
| 26:47 | Create | Villager (Male) |
| 26:47 | Create | Villager (Male) |
| 27:26 | Build | Castle |
| 27:32 | Create | Villager (Male) |
| 27:32 | Create | Villager (Male) |
| 27:39 | Build | Farm |
| 27:40 | Build | Farm |
| 27:59 | Create | Villager (Male) |
| 28:00 | Create | Villager (Male) |
| 28:22 | Build | House |
| 28:23 | Build | House |
| 28:39 | Create | Villager (Male) |
| 28:39 | Create | Villager (Male) |
| 29:25 | Create | Villager (Male) |
| 30:08 | Create | Villager (Male) |
| 30:08 | Create | Villager (Male) |
| 30:12 | Build | Farm |
| 30:13 | Build | Farm |
| 30:15 | Research | Imperial Age |
| 30:48 | Build | Palisade Wall |
| 30:57 | Build | Building 800 |
| 31:20 | Research | Tech 1070 |
| 31:26 | Research | Squires |
| 31:27 | Research | Arson |
| 31:33 | Build | Town Center |
| 31:40 | Research | Hand Cart |
| 31:42 | Create | Villager (Male) |
| 31:42 | Create | Villager (Male) |
| 31:45 | Research | Gold Shaft Mining |
| 31:48 | Create | Trade Cart |
| 31:49 | Create | Trade Cart |
| 31:50 | Create | Trade Cart |
| 32:27 | Create | Unit 1959 ×5 |
| 32:57 | Create | Villager (Male) |
| 32:57 | Create | Villager (Male) |
| 32:58 | Create | Villager (Male) |
| 32:58 | Create | Villager (Male) |
| 33:11 | Build | House |
| 33:14 | Build | House |
| 33:16 | Build | House |
| 33:18 | Build | House |
| 33:20 | Build | House |
Build order — Pandaduongvat
First 150 of 790 actions detected
| 0:01 | Create | Villager (Male) |
| 0:01 | Create | Villager (Male) |
| 0:03 | Build | House |
| 0:05 | Build | House |
| 0:13 | Create | Villager (Male) |
| 0:13 | Create | Villager (Male) |
| 0:13 | Create | Villager (Male) |
| 1:44 | Build | Lumber Camp |
| 1:46 | Create | Villager (Male) |
| 2:03 | Create | Villager (Male) |
| 2:04 | Create | Villager (Male) |
| 2:26 | Create | Villager (Male) |
| 2:26 | Create | Villager (Male) |
| 2:54 | Create | Villager (Male) |
| 3:08 | Build | House |
| 3:10 | Build | House |
| 3:11 | Build | House |
| 3:13 | Create | Villager (Male) |
| 3:13 | Create | Villager (Male) |
| 3:43 | Create | Villager (Male) |
| 3:43 | Create | Villager (Male) |
| 4:15 | Create | Villager (Male) |
| 4:15 | Create | Villager (Male) |
| 4:45 | Create | Villager (Male) |
| 4:50 | Build | Mill |
| 5:05 | Create | Villager (Male) |
| 5:05 | Create | Villager (Male) |
| 5:41 | Create | Villager (Male) |
| 5:41 | Create | Villager (Male) |
| 7:09 | Create | Villager (Male) |
| 7:09 | Create | Villager (Male) |
| 7:39 | Create | Villager (Male) |
| 7:43 | Create | Villager (Male) |
| 7:43 | Create | Villager (Male) |
| 8:08 | Build | Mining Camp |
| 8:46 | Build | House |
| 8:47 | Build | House |
| 8:51 | Research | Feudal Age |
| 9:47 | Create | Villager (Male) |
| 9:48 | Create | Villager (Male) |
| 11:05 | Create | Villager (Male) |
| 11:05 | Create | Villager (Male) |
| 11:24 | Age | Feudal Age |
| 11:26 | Research | Horse Collar |
| 11:27 | Research | Double-Bit Axe |
| 12:02 | Build | Market |
| 12:13 | Build | House |
| 12:14 | Build | House |
| 12:15 | Build | House |
| 12:24 | Build | Blacksmith |
| 12:41 | Create | Villager (Male) |
| 12:53 | Build | Farm |
| 12:55 | Build | Farm |
| 12:58 | Build | Farm |
| 13:00 | Build | Farm |
| 13:07 | Build | Farm |
| 13:08 | Create | Villager (Male) |
| 13:20 | Build | Lumber Camp |
| 13:32 | Build | Farm |
| 13:34 | Build | Farm |
| 13:45 | Build | Farm |
| 13:52 | Build | Farm |
| 13:54 | Create | Villager (Male) |
| 14:16 | Create | Villager (Male) |
| 14:22 | Build | Farm |
| 14:27 | Build | Farm |
| 14:32 | Create | Villager (Male) |
| 14:33 | Create | Villager (Male) |
| 14:34 | Create | Villager (Male) |
| 14:34 | Create | Villager (Male) |
| 14:46 | Build | Farm |
| 14:54 | Build | Farm |
| 15:01 | Build | Farm |
| 15:06 | Build | Farm |
| 15:12 | Build | Farm |
| 15:15 | Build | Farm |
| 15:27 | Research | Castle Age |
| 15:29 | Research | Loom |
| 16:24 | Create | Villager (Male) |
| 16:25 | Create | Villager (Male) |
| 16:38 | Create | Villager (Male) |
| 16:54 | Build | Mining Camp |
| 16:58 | Create | Villager (Male) |
| 18:03 | Create | Villager (Male) |
| 18:14 | Age | Castle Age |
| 18:29 | Build | Monastery |
| 18:33 | Build | Monastery |
| 18:42 | Build | Monastery |
| 18:47 | Create | Villager (Male) |
| 18:48 | Create | Villager (Male) |
| 18:54 | Build | Town Center |
| 18:56 | Create | Villager (Male) |
| 18:58 | Research | Heavy Plow |
| 19:00 | Research | Bow Saw |
| 19:20 | Create | Villager (Male) |
| 19:20 | Create | Villager (Male) |
| 19:51 | Build | Mining Camp |
| 19:55 | Create | Villager (Male) |
| 20:13 | Create | Villager (Male) |
| 20:26 | Create | Monk |
| 20:33 | Create | Villager (Male) |
| 20:35 | Create | Villager (Male) |
| 20:35 | Create | Villager (Male) |
| 20:35 | Create | Villager (Male) |
| 20:37 | Build | Farm |
| 20:38 | Build | Farm |
| 20:38 | Build | Farm |
| 20:38 | Build | Farm |
| 20:38 | Build | Farm |
| 20:39 | Build | Farm |
| 20:42 | Create | Villager (Male) |
| 20:54 | Build | Town Center |
| 21:07 | Create | Monk |
| 21:16 | Create | Villager (Male) |
| 21:19 | Create | Villager (Male) |
| 21:32 | Create | Villager (Male) |
| 21:36 | Create | Monk |
| 21:49 | Create | Trade Cart |
| 21:51 | Create | Villager (Male) |
| 21:51 | Create | Villager (Male) |
| 21:51 | Create | Villager (Male) |
| 22:05 | Create | Monk |
| 22:32 | Create | Monk |
| 22:36 | Create | Villager (Male) |
| 22:36 | Create | Villager (Male) |
| 22:37 | Create | Villager (Male) |
| 22:38 | Create | Villager (Male) |
| 22:40 | Build | Farm |
| 22:40 | Build | Farm |
| 22:41 | Build | Farm |
| 22:41 | Build | Farm |
| 22:43 | Create | Villager (Male) |
| 23:16 | Create | Monk |
| 23:23 | Build | House |
| 23:24 | Build | House |
| 23:25 | Build | House |
| 23:26 | Create | Villager (Male) |
| 23:26 | Create | Villager (Male) |
| 23:33 | Research | Town Watch |
| 23:36 | Build | House |
| 23:37 | Build | House |
| 23:38 | Build | House |
| 23:40 | Build | House |
| 23:40 | Build | House |
| 23:41 | Build | House |
| 23:45 | Build | Lumber Camp |
| 23:46 | Create | Villager (Male) |
| 23:46 | Create | Villager (Male) |
| 23:47 | Create | Villager (Male) |
| 23:48 | Create | Villager (Male) |
Match timeline
| 9:22 | 太陽之手-火爆哥 · first_building Barracks |
| 10:20 | 地獄之手–里歐大帝 · first_building Barracks |
| 10:39 | liss13 · age_up feudal |
| 10:46 | 太陽之手-火爆哥 · age_up feudal |
| 11:24 | Pandaduongvat · age_up feudal |
| 11:43 | BENEKLİ AYHAN · age_up feudal |
| 11:46 | BENEKLİ AYHAN · first_building Barracks |
| 11:47 | jasem-1970 · age_up feudal |
| 12:16 | Soimeomeo · age_up feudal |
| 12:45 | BENEKLİ AYHAN · first_building Stable |
| 13:16 | 地獄之手–里歐大帝 · age_up feudal |
| 13:38 | Nabican · age_up feudal |
| 16:03 | jasem-1970 · age_up castle |
| 16:25 | 太陽之手-火爆哥 · first_building Archery Range |
| 16:34 | liss13 · first_building Barracks |
| 16:48 | Soimeomeo · age_up castle |
| 17:39 | Nabican · first_building Barracks |
| 17:48 | Soimeomeo · first_building Castle |
| 18:06 | liss13 · wall_segment Stone Wall x23 |
| 18:14 | Pandaduongvat · age_up castle |
| 18:15 | Nabican · first_market_buy 100 food |
| 18:23 | liss13 · age_up castle |
| 18:29 | Pandaduongvat · first_building Monastery |
| 19:16 | 太陽之手-火爆哥 · first_market_buy 100 food |
| 19:18 | 太陽之手-火爆哥 · first_market_sell 100 wood |
| 19:48 | BENEKLİ AYHAN · age_up castle |
| 19:59 | 太陽之手-火爆哥 · wall_segment Stone Wall x6 |
| 20:21 | 地獄之手–里歐大帝 · age_up castle |
| 20:59 | Nabican · age_up castle |
| 21:37 | jasem-1970 · first_building Castle |
| 21:43 | BENEKLİ AYHAN · first_building Monastery |
| 21:57 | 太陽之手-火爆哥 · wall_segment Stone Wall x9 |
| 22:03 | 太陽之手-火爆哥 · age_up castle |
| 22:04 | Soimeomeo · first_building Siege Workshop |
| 22:10 | 太陽之手-火爆哥 · first_building Castle |
| 23:19 | Nabican · first_market_sell 100 food |
| 23:31 | 太陽之手-火爆哥 · wall_segment Stone Wall x9 |
| 23:46 | 地獄之手–里歐大帝 · first_building Monastery |
| 25:34 | 太陽之手-火爆哥 · first_building Monastery |
| 25:55 | liss13 · wall_segment Stone Wall x30 |
| 26:41 | liss13 · first_building Archery Range |
| 26:45 | liss13 · first_building Stable |
| 27:26 | 地獄之手–里歐大帝 · first_building Castle |
| 27:52 | Nabican · first_building Castle |
| 28:20 | liss13 · first_building Castle |
| 30:03 | jasem-1970 · age_up imperial |
| 30:20 | Soimeomeo · first_building Barracks |
| 30:44 | liss13 · wall_segment Stone Wall x13 |
| 30:48 | 地獄之手–里歐大帝 · wall_segment Palisade Wall x14 |
| 30:57 | liss13 · wall_segment Stone Wall x15 |
| 31:08 | Soimeomeo · age_up imperial |
| 32:17 | Soimeomeo · first_building Archery Range |
| 32:33 | Pandaduongvat · first_building Castle |
| 33:26 | Pandaduongvat · first_building Siege Workshop |
| 33:29 | 地獄之手–里歐大帝 · age_up imperial |
| 33:36 | Pandaduongvat · first_building Barracks |
| 33:46 | Nabican · first_building Monastery |
| 33:51 | BENEKLİ AYHAN · first_building Castle |
| 34:13 | Pandaduongvat · age_up imperial |
| 34:39 | 太陽之手-火爆哥 · first_building Siege Workshop |
| 35:21 | Soimeomeo · first_market_sell 100 wood |
| 35:26 | liss13 · age_up imperial |
| 36:26 | Nabican · first_building Stable |
| 37:00 | Pandaduongvat · first_building Stable |
| 37:26 | liss13 · wall_segment Stone Wall x16 |
| 37:57 | jasem-1970 · first_market_buy 100 wood |
| 38:55 | 地獄之手–里歐大帝 · first_building Siege Workshop |
| 39:11 | jasem-1970 · first_building Barracks |
| 40:01 | Nabican · age_up imperial |
| 41:02 | jasem-1970 · first_market_sell 100 stone |
| 41:42 | 太陽之手-火爆哥 · age_up imperial |
| 43:25 | BENEKLİ AYHAN · age_up imperial |
| 54:19 | 地獄之手–里歐大帝 · first_building Stable |
| 54:37 | jasem-1970 · first_building Siege Workshop |
| 58:42 | Pandaduongvat · wall_segment Stone Wall x4 |
| 60:07 | Pandaduongvat · wall_segment Stone Wall x14 |
| 60:41 | jasem-1970 · tribute_sent a jugador 1 |
| 60:41 | jasem-1970 · tribute_sent a jugador 2 |
| 60:41 | jasem-1970 · tribute_sent a jugador 3 |
| 60:41 | jasem-1970 · tribute_sent a jugador 4 |
| 60:41 | jasem-1970 · tribute_sent a jugador 6 |
| 60:41 | jasem-1970 · tribute_sent a jugador 7 |
| 60:41 | jasem-1970 · tribute_sent a jugador 8 |
| 62:55 | BENEKLİ AYHAN · first_market_sell 100 food |
| 63:02 | Pandaduongvat · wall_segment Stone Wall x8 |
| 64:03 | Soimeomeo · resign |
[ AI ANALYSIS · 1 CREDIT ]
What really happened in this match?
Wolo.gg analyzes every decision: build order, eco, micro, common mistakes by bracket. Personalized analysis on WhatsApp or Discord in 30 seconds.
Civ guide
Huns
Perfil
Jugador #23835897